 Dungeon Crawl Stone Soup version 0.29.1-13-g9f3cf754e1 (webtiles) character file.

Game seed: 11003721601529159671

75 javelincjr the Magician (level 4, 0/31 HPs)
             Began as a Djinni Conjurer on Feb 8, 2023.
             Was an Initiate of Yredelemnul.
             Slain by a goblin
             ... wielding a +0 club
             ... led by Robin
              (3 damage)
             ... on level 3 of the Dungeon.
             The game lasted 00:07:53 (2996 turns).

javelincjr the Magician (Djinni Conjurer)           Turns: 2996, Time: 00:07:54

Health: 0/31       AC:  3    Str:  8    XL:     4   Next: 55%
Gold:   135        EV: 12    Int: 19    God:    Yredelemnul [......] SH:  0 Dex: 12

rFire   + + .      SeeInvis .   f - +0 short sword
rCold   x . .      Faith    .   (no shield)
rNeg    . . .      Spirit   .   a - +0 robe
rPois   ∞          Reflect  .   o - +0 helmet
rElec   .          Harm     .   (no cloak)
rCorr   .          Rampage  .   (no gloves)
Will    .....                   (boots unavailable)
Stlth   ++........              (no amulet)
HPRegen 0.10/turn               g - ring of wizardry
MPRegen 0.00/turn               (no ring)

@: flying
A: sickness immunity, fire resistance 2, cold vulnerability 1, float, innate
caster, HP casting, extra vitality 1
a: Renounce Religion, Recall Undead Harvest


You were on level 3 of the Dungeon.
You worshipped Yredelemnul.
Yredelemnul was noncommittal.
You visited 1 branch of the dungeon, and saw 3 of its levels.

You collected 135 gold pieces.

Inventory:

Hand Weapons
 f - a +0 short sword (weapon)
Missiles
 j - 4 poisoned darts
 k - 3 boomerangs
Armour
 a - a +0 robe (worn)
 o - a +0 helmet (worn)
Jewellery
 g - a ring of wizardry (left hand)
Scrolls
 b - a scroll of identify
 c - a scroll of immolation {unknown}
 h - a scroll of enchant armour {unknown}
 i - a scroll of poison {unknown}
 l - a scroll of fear {unknown}
 m - a scroll of acquirement {unknown}
 n - a scroll of fog {unknown}
 p - a scroll of noise {unknown}
 q - a scroll of enchant weapon {unknown}
 r - a scroll of teleportation {unknown}
Potions
 d - a potion of heal wounds
 e - a potion of flight {unknown}


   Skills:
 + Level 0.2 Fighting
 + Level 0.6 Short Blades
 + Level 2.5 Dodging
 + Level 1.7 Stealth
 + Level 0.1 Unarmed Combat
 + Level 4.2 Spellcasting


You couldn't memorise any spells.
You knew the following spells:

 Your Spells              Type           Power      Damage    Failure   Level
a - Magic Dart            Conj           80%        1d7       1%          1
b - Searing Ray           Conj           40%        2d5       1%          2
c - Dazzling Flash        Conj/Hex       40%        N/A       2%          3
d - Fulminant Prism       Conj/Hex       10%        3d9       10%         4
e - Iskenderun's Mystic   Conj/Tloc      20%        2d6       10%         4
f - Necrotise             Necr           80%        1d8       1%          1
Your spell library was empty.

Dungeon Overview and Level Annotations

Branches:
Dungeon (3/15)

Altars:
Yredelemnul

Shops:
D:3 =

Annotations:
D:3 Robin


Innate Abilities, Weirdness & Mutations

You are immune to sickness and miasma.
You are immune to poison.
Your flesh is very heat resistant. (rF++)
You are vulnerable to cold. (rC-)
You float through the air rather than walking.
You learn spells naturally, not from books.
Your magical power is your life essence.
You have superior vitality. (+4 MHP)


Message History

Robin roars a battlecry!
The goblins go into a battle-frenzy!
The goblin hits something with a +0 club.
The goblin hits you with a +0 club.
You closely miss the goblin. Robin throws the goblin at you!
The goblin hits something with a +0 club.
The goblin hits you but does no damage. The goblin barely misses you.
You hit the goblin.
The goblin is moderately wounded.
Robin roars a battlecry!
The goblin goes into a battle-frenzy!
The goblin hits something with a +0 club.
The goblin barely misses you.
You barely miss the goblin.
The goblin is moderately wounded.
The goblin no longer looks unusually strong.
The goblin hits something with a +0 club.
The goblin hits you but does no damage. The goblin misses you.
You hit the goblin but do no damage.
The goblin is moderately wounded.
The goblin hits you but does no damage.
You hit the goblin.
You kill the goblin!
Robin throws the goblin at you! The goblin hits you with a +0 club.
* * * LOW HITPOINT WARNING * * *
The goblin hits you but does no damage. The goblin barely misses you.
Robin closely misses you. The goblin hits you with a +0 club.
* * * LOW HITPOINT WARNING * * *
Okay, then.
Okay, then.
As you read the scroll labelled ZUELIH RUI, it crumbles to dust.
It is a scroll of identify.
d - a potion of heal wounds The goblin hits you with a +0 dagger.
* * * LOW HITPOINT WARNING * * *
Robin roars a battlecry!
The goblin goes into a battle-frenzy!
The goblin hits you with a +0 club.
You die...
Your body rises from the dead as a mindless zombie.

.......).......
#.# #..#...#..#
#.# #...#)#..#
#.# ##...∩...#
#.### #..#Z#..#
#...####
#.#...#.#
###.....
#.....gg# .#.
#.###.
#####ggg## #.#
#.# #.
##.###@## #.#
#.###. #.##
##g# #.# #.....
##.###.## #.#
#.#.## ##.#.#
#.# #.#.##
##..# #.#
#....Z ##.#
###.### ###.##
#.#
#.....#####.##
#.#
#.###.#...#...
#.# #.#
#...#.....


You could see Robin, 5 goblins and a friendly worm zombie.

Vanquished Creatures
  A gnoll (D:1)
  A worm (D:3)
  A dart slug (D:1)
  3 orcs (D:2)
  2 ball pythons
  2 endoplasms
  A giant cockroach (D:1)
  8 goblins
  4 hobgoblins
  4 jackals (D:3)
  2 quokkas
  4 bats
  3 frilled lizards
  2 rats
38 creatures vanquished.

Vanquished Creatures (collateral kills)
  A worm (D:2)
  An endoplasm (D:1)
  2 goblins (D:1)
  3 kobolds (D:1)
  A rat (D:1)
8 creatures vanquished.

Vanquished Creatures (others)
  3 bat zombies
  A frilled lizard zombie (D:3)
  A goblin zombie (D:3)
  A jackal zombie (D:3)
  9 plants (D:1)
15 creatures vanquished.

Grand Total: 61 creatures vanquished

Notes
Turn   | Place    | Note
-------+----------+-------------------------------------------
     0 | D:1      | javelincjr the Djinni Conjurer began the quest for the Orb.
     0 | D:1      | javelincjr set off with the following spells memorised:
                  | Magic Dart, Searing Ray, Dazzling Flash, Fulminant Prism,
                  | Iskenderun's Mystic Blast.
     0 | D:1      | Reached XP level 1. HP: 15/15 MP: 0/0
   324 | D:1      | Reached XP level 2. HP: 18/21 MP: 0/0
   360 | D:1      | Found a faded altar of an unknown god.
   372 | D:1      | Prayed at the altar of an unknown god.
   372 | D:1      | Became a worshipper of Yredelemnul the Dark
   372 | D:1      | Reached * piety under Yredelemnul
  1003 | D:1      | Reached ** piety under Yredelemnul
  1097 | D:1      | Reached XP level 3. HP: 25/25 MP: 0/0
  1097 | D:1      | Learned a level 1 spell: Necrotise
  1227 | D:1      | You are sucked into a shaft and drop 1 floor!
  1550 | D:2      | Reached skill level 4 in Spellcasting
  1700 | D:2      | Reached XP level 4. HP: 27/31 MP: 0/0
  2954 | D:3      | Found Gydim's Jewellery Shoppe.
  2969 | D:3      | Noticed Robin
  2996 | D:3      | Slain by a goblin

Illustrated notes

Levels and vault maps discovered:
D:1:      evilmike_arrival_rings, layout_basic,
          chequers_ecumenical_altar_simple_redux, nicolae_grassy_gnolls
D:2:      layout_basic
D:3:      layout_loops_ring, serial_shops, nicolae_shop_advertising_works
          [nicolae_subvault_shop_adworks], uniq_robin

Skill      XL: |  1  2  3 |
---------------+----------+-----
Spellcasting   | 4 |  4.2
Fighting       | |  0.2
Short Blades   | |  0.6
Dodging        | |  2.5
Stealth        | |  1.7
Unarmed Combat | |  0.1

Action                   |  1- 3 |  4- 6 || total
-------------------------+-------+-------++-------
Melee: Short sword       |    13 |    14 ||    27
       Unarmed           |     5 |       ||     5
       Punch             |       |     1 ||     1
 Cast: Magic Dart        |    37 |    31 ||    68
       Searing Ray       |       |     2 ||     2
Invok: Recall Undead Har |       |     1 ||     1
  Use: Scroll            |       |     1 ||     1
Armor: Robe              |     7 |     5 ||    12
Dodge: Dodged            |    12 |    11 ||    23
